[Event "Susha Chess Rapid Women 2022"]
[Site "Shusha"]
[Date "2022.09.23"]
[Round "8.3"]
[White "Arabidze, Meri"]
[Black "Dzagnidze, Nana"]
[Result "0-1"]
[ECO "E21"]
[WhiteElo "2422"]
[BlackElo "2526"]
[Annotator "TA"]
[PlyCount "106"]
[EventDate "2022.09.21"]
[EventType "tourn"]
[EventCountry "AZE"]
[SourceTitle "playchess.com"]
[Source "ChessBase"]
[SourceQuality "1"]
[TimeControl "900+10"]

1. d4 Nf6 2. c4 e6 3. Nc3 Bb4 4. Nf3 O-O 5. Bg5 d5 6. a3 {[%emt 0:00:55] D38: Queen's Gambit Declined: Ragozin Defence (4 Nf3 Bb4).} Be7 (6... Bxc3+ $5 7. bxc3 Nbd7 $11) 7. e3 Ne4 {[%emt 0:02:40] [#]} 8. Bxe7 $146 {[%emt 0:01:03] White is slightly better.} ({Predecessor:} 8. Bf4 Nc6 9. Bd3 Bd6 10. Bxd6 Nxc3 11. bxc3 cxd6 12. O-O dxc4 13. Bxc4 d5 14. Bd3 {1-0 (37) Alvarez Garcia,J-Solorzano,J (2275) Cajas 1989}) 8... Qxe7 9. Rc1 Nxc3 10. Rxc3 c6 11. Bd3 Nd7 12. Qc2 h6 13. O-O dxc4 14. Bxc4 e5 15. Ba2 exd4 16. exd4 Nf6 17. Bb1 (17. Re1 $14 Qd6 18. h3) 17... Be6 $11 18. Ne5 Rfd8 19. Rf3 Rac8 ({Don't do} 19... Rxd4 20. Rxf6 $1 Qxf6 21. Qh7+ Kf8 22. Qh8+ Ke7 23. Nxc6+ (23. Qxa8 Qxe5 24. Qxb7+ Rd7 $11) 23... bxc6 24. Qxa8 $11) 20. Re1 {[%emt 0:02:41][%cal Oe5g4] Strongly threatening Ng4!} Rxd4 21. Rxf6 Qxf6 $17 22. Qh7+ Kf8 23. Ng4 {[%emt 0:00:28] [#]} Qd8 ({But not} 23... Rd1 $6 24. Rxd1 Bxg4 25. Re1 $11) 24. Qh8+ $2 (24. Nxh6 $17 {keeps fighting.} gxh6 25. Qxh6+ Ke8 26. Rxe6+ fxe6 27. Qg6+ Kf8 28. Qh6+ Kf7 29. Qg6+ Kf8 30. Qh6+ Kf7 31. Qg6+ Kf8) 24... Ke7 $19 25. Qxg7 {[%emt 0:00:01][%cal Oe1e6] Rxe6+! would kill now.} Qh8 26. Qxh8 ({Don't go for} 26. Rxe6+ $2 Kxe6 27. Bf5+ Kd6 28. Qxd4+ Qxd4 $19) 26... Rxh8 {Chess con chili.} 27. Ne3 {And now Nf5+ would win.} Kf6 {[%emt 0:00:18] Against Nf5} 28. g3 Rhd8 29. Kg2 Rd2 30. b4 Rb2 {[%emt 0:00:20] Black is clearly winning.} 31. Be4 Rdd2 32. Rf1 Rb3 33. Kf3 Rxa3 34. g4 Rb2 35. h4 Rxb4 36. Rg1 Ke5 37. Bc2 Rf4+ 38. Ke2 Rxe3+ 39. Kxe3 Rxg4 {[%emt 0:00:02][%mdl 4096] Endgame KRB-KRB} 40. Ra1 Rxh4 41. Rxa7 Rb4 42. f4+ Kf6 43. Be4 (43. Ra8 $142) 43... h5 44. Ra5 h4 {[%emt 0:00:25][%cal Ob4e4] Threatens to win with ...Rxe4+!} 45. Rh5 h3 {[%emt 0:00:01] White must now prevent ...Rb2.} 46. Rh6+ Ke7 47. f5 Bd5 48. Bd3 Bg2 49. Kf2 Rd4 50. Bb1 Rd1 51. f6+ Kd6 52. Bh7 Ke5 53. Kg3 Rf1 {[%emt 0:00:15] Weighted Error Value: White=0.44/Black=0.14 (very precise)} 0-1

[Event "Susha Chess Rapid Women 2022"]
[Site "Shusha"]
[Date "2022.09.23"]
[Round "8.4"]
[White "Beydullayeva, Govhar"]
[Black "Mammadova, Gulnar"]
[Result "1/2-1/2"]
[ECO "B06"]
[WhiteElo "2346"]
[BlackElo "2382"]
[Annotator "TA"]
[PlyCount "70"]
[EventDate "2022.09.21"]
[EventType "tourn"]
[EventCountry "AZE"]
[SourceTitle "playchess.com"]
[Source "ChessBase"]
[SourceQuality "1"]
[TimeControl "900+10"]

1. d4 g6 2. e4 Bg7 3. c4 d6 4. Nc3 e5 5. d5 a5 6. Be3 f5 {[%emt 0:00:33] A42: Modern Defence: Averbakh Variation.} 7. exf5 Bxf5 {[%emt 0:00:45] [#]} 8. Nge2 $146 (8. Bd3 $5 ) ({Predecessor:} 8. Bd3 Nf6 9. Bxf5 gxf5 10. Nf3 Ng4 11. Ng5 O-O 12. Ne6 Nxe3 13. fxe3 Qh4+ 14. g3 Qxc4 15. Nxf8 Bxf8 {1-0 (25) Cruz Lopez Claret,C (2326)-Lillo Ferrer,J (2151) San Sebastian 2011}) 8... Nf6 {[%emt 0:00:07] White is slightly better.} 9. Ng3 O-O 10. Be2 {[%emt 0:00:08] Inhibits Ng4.} Nbd7 11. h4 h5 12. f3 b6 13. Qd2 {[%emt 0:00:43] White is more active.} Nc5 14. Nxf5 gxf5 15. O-O-O f4 16. Bf2 a4 17. Kb1 Qd7 18. Qc2 Rae8 19. Rhg1 e4 20. Bxc5 bxc5 21. fxe4 $2 (21. Nxe4 $2 Nxe4 22. fxe4 Qe7 $19) (21. Nxa4 $16 {keeps the pressure on.} Re7 22. Nc3) 21... a3 $1 $17 22. g3 f3 23. Bxf3 {[%emt 0:00:01] [#]} Ng4 (23... Nxd5 $1 $17 24. Rxd5 (24. Bxh5 $2 Nxc3+ 25. bxc3 Rb8+ 26. Kc1 Bh6+ 27. Rd2 Rb2 $19) 24... Rxf3) 24. Bxg4 $15 Qxg4 25. Rgf1 $2 ({White should play} 25. Rd3 $15) 25... Bxc3 $2 ({Better is} 25... Rxf1 $1 $19 26. Rxf1 Qxg3) 26. Qxc3 $11 ({Much weaker is} 26. bxc3 Rxf1 27. Rxf1 Qxg3 $15) 26... Qxe4+ 27. Qc2 Qxc2+ 28. Kxc2 {[%emt 0:00:00][%mdl 4096] Endgame KRR-KRR} Re2+ 29. Kb3 {[%emt 0:00:31] [#]} (29. Kc3 $11) 29... Rb8+ $1 $17 ({Reject} 29... axb2 $6 30. Rxf8+ Kxf8 31. a4 $14) 30. Kxa3 $2 {[%emt 0:00:01][%mdl 8192] [#]} (30. Kc3 $17) 30... Rbxb2 $2 (30... Re3+ $1 {mates} 31. Rd3 Rxd3+ 32. Ka4 Rb4+ 33. Ka5 Rxb2 34. a4 Ra3 35. Rf5 Rb4 36. Rg5+ Kf7 37. Rf5+ Ke8 38. Re5+ dxe5 39. Ka6 Raxa4#) 31. Rde1 $11 {[%emt 0:01:03] Strongly threatening Rxe2. The position is equal.} Rxa2+ 32. Kb3 Rab2+ 33. Kc3 Rbc2+ 34. Kb3 Rb2+ 35. Kc3 Rbc2+ {[%emt 0:00:30] Weighted Error Value: White=0.49/Black=0.44} 1/2-1/2

[Event "Susha Chess Rapid Women 2022"]
[Site "Shusha"]
[Date "2022.09.23"]
[Round "8.5"]
[White "Fataliyeva, Ulviyya"]
[Black "Mammadzada, Gunay"]
[Result "1/2-1/2"]
[ECO "A07"]
[WhiteElo "2408"]
[BlackElo "2473"]
[Annotator "TA"]
[PlyCount "120"]
[EventDate "2022.09.21"]
[EventType "tourn"]
[EventCountry "AZE"]
[SourceTitle "playchess.com"]
[Source "ChessBase"]
[SourceQuality "1"]
[TimeControl "900+10"]

1. Nf3 d5 2. g3 c6 3. Bg2 Bg4 4. O-O Nf6 5. h3 Bh5 6. d4 e6 7. Nbd2 Nbd7 8. c4 Be7 {[%emt 0:00:30] D11: Slav Defence: 3 Nf3 sidelines and 3...Nf6 4 e3 Bg4.} 9. cxd5 exd5 10. Ne5 Bg6 {[%emt 0:01:12] The position is equal.} 11. f4 Be4 (11... Qb6 $11 12. e3 Nxe5 13. dxe5 (13. fxe5 Nd7 $11) 13... Ne4 14. Nxe4 Bxe4) 12. Nxe4 $14 Nxe4 {[%emt 0:01:13] [#]} 13. Qb3 $146 ({Better is} 13. Bxe4 $14 dxe4 14. Qb3) ({Predecessor:} 13. Bxe4 dxe4 14. Qb3 Nxe5 15. dxe5 Qb6+ 16. Be3 Bc5 17. Bxc5 Qxc5+ 18. Kg2 O-O 19. Rac1 {½-½ (56) Svane,R (2613)-Zubov,A (2598) Chess.com INT 2021}) 13... Nd6 {[%emt 0:02:28][%cal Be4d6,Bd6b5,Bb5d4][%mdl 32] Pair of Knights!} 14. e4 $1 dxe4 15. Bxe4 O-O 16. Bc2 Nxe5 (16... Nb6 $11 {keeps the balance.}) 17. dxe5 $16 (17. fxe5 Nb5 18. Qd3 Qxd4+ 19. Be3 Qxd3 20. Bxd3 Nc7 $15) 17... Nb5 {[#]} 18. Be3 $1 {[%emt 0:00:40] Active counter play!} Nd4 {[%emt 0:01:26] [#]} 19. Bxh7+ $1 Kxh7 20. Qd3+ g6 21. Qxd4 (21. Bxd4 $2 c5 22. Rad1 cxd4 $19) 21... Qxd4 22. Bxd4 Rfd8 23. Be3 Rd3 24. Kf2 Rad8 25. Ke2 c5 (25... f6 $16 26. exf6 (26. Bxa7 Rxg3 27. Rad1 Rg2+ 28. Kf3 Rgd2 $16) 26... Bxf6) 26. Rad1 $18 c4 27. Rxd3 (27. Bxa7 Ra8) 27... cxd3+ {[%emt 0:00:02][%mdl 4096] Endgame KRB-KRB} 28. Kf3 f5 (28... b6 $142 29. Rd1 f6) 29. Rd1 b6 30. a3 Kg7 31. b4 Kf7 32. Bf2 Ke6 33. Ke3 Rh8 34. h4 ({Less strong is} 34. Kxd3 Rxh3 35. Kc4 g5 $16) 34... a5 35. bxa5 ({But not} 35. Kxd3 axb4 36. axb4 (36. Bxb6 bxa3 37. Ra1 Ra8 $11) 36... Rd8+ 37. Ke2 Rxd1 38. Kxd1 b5) 35... bxa5 36. Rxd3 a4 37. Kd2 Rb8 38. Bd4 {[%emt 0:00:07] Prevents Rb2+.} (38. Be1 $142) 38... Rb1 ({Black should play} 38... Rb7) 39. Kc2 $16 Re1 40. Bb2 (40. Bc3 $16 Re2+ 41. Kd1) 40... Rg1 $14 41. Kc3 {[%emt 0:00:07] Threatens to win with Kc4.} Rg2 42. Bc1 {[%emt 0:00:10] Strongly threatening Kd4.} Rg1 43. Kc2 Rg2+ 44. Bd2 Bc5 45. Rc3 (45. Kc1 $14) 45... Kd5 $11 46. e6 {[%emt 0:00:02] And now Kd1 would win.} Be7 $2 (46... Re2 $1 $11) 47. Re3 $18 Kc4 48. Rd3 $2 (48. Kd1 $18) 48... Re2 $11 49. Re3 $2 (49. Rc3+ $11 {and White is okay.} Kd5 50. Kd3) 49... Rxe3 $19 {[%emt 0:00:06][%mdl 64] Remove Defender} 50. Bxe3 {[%emt 0:00:01] [#]} Bxa3 {[%emt 0:00:04] KB-KB} (50... Kd5 $1 $19 {has better winning chances.} 51. Bc1 Kxe6) 51. Bc1 {[%emt 0:00:39][%mdl 8192] This move loses the game for White.} (51. g4 $17 Kd5 52. gxf5 gxf5 53. Bg1 (53. h5 Kxe6 54. Bg1 Kf7 $19)) 51... Be7 {[%emt 0:00:02] White must now prevent ...Kd5.} 52. Bb2 Kd5 53. Kd3 $2 (53. g4 $19 fxg4 54. f5 gxf5 55. h5) 53... Kxe6 {[%emt 0:00:23] Black mates.} 54. Kc4 a3 55. Ba1 a2 56. Kb3 Bc5 57. Kxa2 Bf2 58. Kb3 Bxg3 59. Be5 Kd5 60. Kc3 Ke4 {[%emt 0:00:01][%mdl 32768] Weighted Error Value: White=0.47/Black=0.40. An unexpected result.} 1/2-1/2

[Event "Susha Chess Rapid Women 2022"]
[Site "Shusha"]
[Date "2022.09.23"]
[Round "9.1"]
[White "Zawadzka, Jolanta"]
[Black "Beydullayeva, Govhar"]
[Result "1/2-1/2"]
[ECO "B51"]
[WhiteElo "2401"]
[BlackElo "2346"]
[Annotator "TA"]
[PlyCount "98"]
[EventDate "2022.09.21"]
[EventType "tourn"]
[EventCountry "AZE"]
[SourceTitle "playchess.com"]
[Source "ChessBase"]
[SourceQuality "1"]
[TimeControl "900+10"]

1. e4 c5 2. Nf3 d6 3. Bb5+ Nd7 4. O-O a6 5. Bxd7+ Bxd7 6. c3 Nf6 {[%emt 0:00:19] B51: Sicilian: Moscow Variation (3 Bb5+) without 3...Bd7.} 7. Re1 e6 8. d4 Be7 9. e5 dxe5 10. dxe5 Nd5 11. c4 Nc7 (11... Nb4 $11) 12. Nc3 $14 Bc6 13. Qe2 b5 14. b3 O-O 15. Ne4 {[%emt 0:01:08] [#]} Ne8 $146 ({Predecessor:} 15... Kh8 16. Bf4 a5 17. Rad1 Qb8 18. Bg5 Qe8 19. Nd6 Bxd6 20. exd6 Na6 21. Be7 Rg8 22. Ne5 bxc4 23. Qh5 g6 24. Bf6+ Rg7 25. Qh6 Qg8 26. Nxc6 Qe8 27. Qxg7# {1-0 (27) Martinez Alcantara,J (2598)-Savchenko,B (2535) Chess.com INT 2022}) 16. Bf4 Qc8 17. Rad1 Qb7 18. Nfd2 {[%emt 0:00:02] White is much more active.} a5 19. cxb5 Bxb5 20. Qg4 Kh8 21. Re3 f5 22. exf6 $1 Nxf6 23. Nxf6 ({And not} 23. Qxe6 Nd5 24. Bg5 Bxg5 25. Nxg5 Nxe3 26. Qxe3 Qd5 $17) 23... Rxf6 24. Rh3 $40 {[%emt 0:00:38][%mdl 128] White attacks. Really sharp!} ({But not} 24. Rxe6 $2 Qc8 25. Rde1 Bd7 26. Rxf6 Bxg4 $19) (24. Bg5 $16 Rg6 25. h4) 24... Be8 25. Rg3 Rg6 26. Qe2 Rd8 27. Nc4 Rxd1+ 28. Qxd1 Rxg3 29. hxg3 a4 30. bxa4 Qd5 (30... Qb4 $14 31. Bd6 (31. Qe2 Qxa4 32. Bd6 Bf6 $14) 31... Bf6) 31. Qb3 $16 Bc6 (31... h6 $16 32. Ne3 Qxb3 33. axb3 Kg8) 32. Qb8+ (32. f3 $1 $18) 32... Qd8 33. a5 {[%emt 0:01:21] Hoping for a6.} Qxb8 34. Bxb8 {[%emt 0:00:02][%mdl 4096] Endgame Threatens to win with a6. KBB-KBN} Bb5 35. Nd6 Ba6 36. Ne4 c4 37. Be5 $1 Bb7 38. Nd2 Bd5 39. Bc3 {[%emt 0:00:17] Inhibits Bb4.} Bf6 $2 (39... Kg8 $16) 40. Bxf6 $18 gxf6 {[%emt 0:00:01] KB-KN} 41. Nb1 Kg7 42. Nc3 Bb7 43. Kf1 Kf7 44. Ke2 Ke7 45. f3 Kd6 (45... f5 $142 46. Nb5 Kd7) 46. Ke3 Kc5 {[%emt 0:00:08] [#]} 47. a3 $2 (47. Ne4+ $1 $18 {and the rest is easy.} Kb4 48. Nxf6) 47... f5 $16 {[%emt 0:00:09] [#]} 48. Kd2 (48. Na2 $1 $16) 48... e5 $11 49. Ke3 h5 {[%emt 0:00:15] Weighted Error Value: White=0.22 (precise) /Black=0.19 (very precise)} 1/2-1/2

[Event "Susha Chess Rapid Women 2022"]
[Site "Shusha"]
[Date "2022.09.23"]
[Round "9.3"]
[White "Dzagnidze, Nana"]
[Black "Balajayeva, Khanim"]
[Result "0-1"]
[ECO "A29"]
[WhiteElo "2526"]
[BlackElo "2379"]
[Annotator "TA"]
[PlyCount "72"]
[EventDate "2022.09.21"]
[EventType "tourn"]
[EventCountry "AZE"]
[SourceTitle "playchess.com"]
[Source "ChessBase"]
[SourceQuality "1"]
[TimeControl "900+10"]

1. c4 e5 2. Nc3 Nf6 3. Nf3 Nc6 4. g3 Nd4 5. Bg2 Nxf3+ 6. Bxf3 Bb4 7. O-O O-O 8. d4 Bxc3 9. bxc3 e4 10. Bg2 h6 {[%emt 0:00:01] Inhibits Bg5. A29: English Opening: Four Knights Variation with 4 g3.} 11. f3 exf3 {[%emt 0:02:09] [#]} 12. Rxf3 $146 ({Predecessor:} 12. Bxf3 d6 13. Qd3 Re8 14. Rb1 Bh3 15. Re1 b6 16. Bf4 Rc8 17. e4 Nh7 18. e5 {1-0 (34) Novikov,S (2557)-Efimenko,Z (2657) Moscow 2010}) 12... d6 {[%emt 0:00:11] The position is equal.} 13. Qd3 Re8 {[%emt 0:00:06] [#]} (13... Bg4 {should be considered.}) 14. Bd2 (14. Bxh6 $1 $11 Bg4 15. Bg5 Bxf3 16. Bxf3) 14... Bg4 $17 15. Rf2 {[%emt 0:00:06] [#]} c6 (15... Bh5 $1 $17 16. e4 (16. Bxb7 Bg6 $17) 16... Bg6) 16. Raf1 $11 Bh5 {[%emt 0:00:38] White must now prevent ...Bg6.} 17. Bxh6 {[%emt 0:03:22] aiming for Bg5.} Bg6 $1 18. Qf3 (18. Qd2 $15 Ng4 19. Bg5) 18... Ne4 $19 19. Bf4 Qe7 ({Weaker is} 19... Nxf2 20. Rxf2 Qd7 21. Bf1 $17) (19... Qa5 $19 {and Black stays clearly on top.} 20. e3 Qxc3) 20. h4 (20. Qg4 $142) 20... Nxf2 $17 {[%emt 0:00:02] Black is more active.} 21. Rxf2 Be4 $36 {[%emt 0:00:31][%mdl 2048] Black is really pushing.} 22. Qg4 (22. Qxe4 $17 Qxe4 23. Bxe4 Rxe4 24. e3 (24. Bxd6 $2 Re3 $19)) 22... Bxg2 $19 23. Kxg2 Qe6 (23... Qe4+ $19 24. Qf3 Qe6) 24. Qf3 (24. Qxe6 $17 Rxe6 25. e3) 24... Rad8 25. Kh2 (25. Qd3 $142) 25... Qxc4 26. e4 c5 27. h5 Qe6 {[%emt 0:00:29] Prevents h6.} ({Don't go for} 27... cxd4 $2 28. cxd4 Qxd4 29. Be3 Qxe4 30. Qxf7+ Kh7 31. Bxa7) 28. Re2 cxd4 29. cxd4 Rc8 30. Bg5 f5 31. e5 dxe5 32. Rxe5 (32. dxe5 b6 33. Bf4) 32... Qxa2+ {[%emt 0:00:01] Black is clearly winning.} 33. Kh3 Rxe5 34. dxe5 Qe6 {[%emt 0:00:02] And now ...b5 would win.} 35. Bf4 b5 36. Qb7 Qc6 {[%emt 0:00:31] Weighted Error Value: White=0.89/Black=0.21 (precise)} 0-1

[Event "Susha Chess Rapid Women 2022"]
[Site "Shusha"]
[Date "2022.09.23"]
[Round "9.4"]
[White "Mammadova, Gulnar"]
[Black "Efroimski, Marsel"]
[Result "1-0"]
[ECO "B30"]
[WhiteElo "2382"]
[BlackElo "2462"]
[Annotator "TA"]
[PlyCount "71"]
[EventDate "2022.09.21"]
[EventType "tourn"]
[EventCountry "AZE"]
[SourceTitle "playchess.com"]
[Source "ChessBase"]
[SourceQuality "1"]
[TimeControl "900+10"]

1. e4 c5 2. Nf3 Nc6 3. Bb5 e5 4. O-O Bd6 5. c3 a6 6. Ba4 {[%emt 0:00:01] B30: Sicilian: 2...Nc6 3 Bb5, lines without ...g6.} b5 7. Bb3 Nf6 8. d4 {[%emt 0:00:28] [#] White is better.} c4 $146 (8... Nxe4 $2 9. dxc5 (9. Bd5 f5 $18) 9... Nxc5 10. Qxd6 $18) ({Predecessor:} 8... cxd4 9. cxd4 Qc7 10. dxe5 Nxe5 11. Nxe5 Bxe5 12. f4 Qb6+ 13. Kh1 Bd4 14. Nc3 Bb7 {1-0 (32) Matviishen,V (2476)-Filgueiras,N (2188) Porto Carras 2018}) 9. Bc2 Qc7 10. Bg5 Bb7 11. a4 Ng8 (11... Be7 $16) 12. Na3 $18 Bxa3 13. Rxa3 f6 14. Be3 d6 15. dxe5 fxe5 (15... dxe5 {was worth a try.} 16. axb5 axb5 17. Rxa8+ Bxa8) 16. axb5 axb5 17. Rxa8+ Bxa8 18. Qd5 Nf6 19. Qxb5 O-O 20. Qxc4+ Kh8 21. b4 {[%emt 0:00:28][%cal Bb2b4,Bb4b5][%mdl 32] b5 is the strong threat.} Qd8 22. b5 Na5 23. Qb4 Ng4 24. Bg5 Nf6 25. Rd1 Nb7 26. Nxe5 Qc8 27. Nc6 Ng4 28. Bh4 Qe6 29. h3 Nh6 30. Bg3 Qf7 31. Kh2 Re8 32. Qd4 Ng8 33. e5 dxe5 34. Nxe5 {[%emt 0:00:02][%cal Re5f7] [#]} Qe7 35. Qh4 Qxh4 36. Nf7# {[%emt 0:00:02] Black got outplayed after the opening.  Weighted Error Value: White=0.07 (flawless) /Black=0.40} ({Not} 36. Bxh4 Rxe5 37. c4 Re2 $18) 1-0

[Event "Susha Chess Rapid Women 2022"]
[Site "Shusha"]
[Date "2022.09.23"]
[Round "9.5"]
[White "Mammadzada, Gunay"]
[Black "Arabidze, Meri"]
[Result "1/2-1/2"]
[ECO "B47"]
[WhiteElo "2473"]
[BlackElo "2422"]
[Annotator "TA"]
[PlyCount "88"]
[EventDate "2022.09.21"]
[EventType "tourn"]
[EventCountry "AZE"]
[SourceTitle "playchess.com"]
[Source "ChessBase"]
[SourceQuality "1"]
[TimeControl "900+10"]

1. e4 c5 2. Nf3 e6 3. d4 cxd4 4. Nxd4 Nc6 5. Nc3 Qc7 6. Be2 Nf6 7. Ndb5 $1 {[%emt 0:00:12][%mdl 4] now scores much better than the old 7.0-0. B47: Sicilian: Taimanov: 5 Nc3 Qc7 6 f4, 6 g3 and 6 Be2.} Qb8 8. f4 a6 9. e5 {[%emt 0:00:06] White is slightly better.} axb5 10. exf6 b4 $1 11. fxg7 Bxg7 12. Nb5 O-O 13. O-O d5 14. Bd3 f5 {[%emt 0:01:24] [#]} 15. c3 $146 ({Predecessor:} 15. Kh1 Bd7 16. a4 Qd8 17. c3 bxc3 18. bxc3 d4 19. Ba3 dxc3 20. Bxf8 Qxf8 21. Bxf5 Qxf5 22. Qxd7 {1-0 (35) Niemann,H (2687)-Pichot,A (2641) Chess.com INT 2022}) 15... Bd7 16. Be3 b6 17. Qd2 bxc3 18. bxc3 Kh8 19. h3 Qd8 20. Rab1 e5 21. fxe5 Nxe5 22. Be2 Nc4 (22... Ra4 $16) 23. Bxc4 $18 dxc4 24. Nd6 b5 25. Bd4 {[%emt 0:01:08] White is much more active.} ({Reject} 25. Nxb5 $6 Bxb5 26. Rxb5 Qxd2 27. Bxd2 Rxa2 $11) (25. a4 $16) 25... Bxd4+ $14 26. Qxd4+ Qf6 27. Nxb5 Bxb5 28. Qxf6+ Rxf6 29. Rxb5 Rxa2 30. Rfxf5 Rxf5 {[%emt 0:01:07] The position is equal.} 31. Rxf5 {[%emt 0:00:02][%mdl 4096] [#] Endgame aiming for Rf4. KR-KR} Rc2 $1 32. Rf3 Kg7 33. g4 Kg6 34. Kf1 Kg5 35. Ke1 Kh4 36. Kd1 Rh2 37. Rf7 h6 38. Rf4 Rxh3 39. Rxc4 Rg3 40. Ke2 Rxg4 41. Rxg4+ Kxg4 42. Kf2 Kf4 43. c4 Ke4 44. Kg3 Ke5 {Weighted Error Value: White=0.08 (flawless) /Black=0.09 (flawless)} 1/2-1/2